TOP OF THE 1ST |
Los Angeles (NYP) Dodgers batting - Pitching for Salem-Keizer Volcanoes : RHP Allen Vesey
|
Pitching: RHP Allen Vesey
|
|
Batting: SHB Erick Hamburger
|
0-0: Bunt missed! 0-1: Ball 1-1: Ground out 4-3 (Groundball, 4S, EV 70.0 MPH)
|
Batting: RHB Chris Graham
|
0-0: Called Strike 0-1: Ball 1-1: Foul Ball, location: 2F 1-2: Ball 2-2: Foul Ball, location: 2F 2-2: Ground out 1-3 (Groundball, 13S, EV 65.6 MPH)
|
Batting: LHB Conor Bailey
|
0-0: Called Strike 0-1: Ball 1-1: Called Strike 1-2: Ball 2-2: Foul Ball, location: 2F 2-2: Foul Ball, location: 2F 2-2: Foul Ball, location: 2F 2-2: Ground out 4-3 (Groundball, 34D, EV 106.9 MPH)
|
Top of the 1st over - 0 runs, 0 hits, 0 errors, 0 left on base; Los Angeles (NYP) 0 - Salem-Keizer 0 |
BOTTOM OF THE 1ST |
Salem-Keizer Volcanoes batting - Pitching for Los Angeles (NYP) Dodgers : LHP Israel Cerna
|
Pitching: LHP Israel Cerna
|
|
Batting: LHB Tom Reynolds
|
0-0: Called Strike 0-1: Ball 1-1: Swinging Strike 1-2: Ball 2-2: Ground out 4-3 (Groundball, 4, EV 102.5 MPH)
|
Batting: RHB Mario Saez
|
0-0: Ball 1-0: Ball 2-0: Ball 3-0: Base on Balls
|
Batting: RHB Tony Logan
|
0-0: Ball 1-0: Ball 2-0: Foul Ball, location: 2F 2-1: Grounds into double play, 6-4-3 (Groundball, 6, EV 83.1 MPH)
|
Bottom of the 1st over - 0 runs, 0 hits, 0 errors, 0 left on base; Los Angeles (NYP) 0 - Salem-Keizer 0 |
TOP OF THE 2ND |
Los Angeles (NYP) Dodgers batting - Pitching for Salem-Keizer Volcanoes : RHP Allen Vesey
|
Batting: LHB Randy Stapleton
|
0-0: Foul Ball, location: 2F 0-1: Ball 1-1: Foul Ball, location: 2F 1-2: Foul Ball, location: 2F 1-2: Ball 2-2: Foul Ball, location: 2F 2-2: SOLO HOME RUN (Flyball, 89XD, EV 106.2 MPH), Distance : 427 ft
|
Batting: SHB Marcos Cortez
|
0-0: Swinging Strike 0-1: Swinging Strike 0-2: Ball 1-2: SOLO HOME RUN (Flyball, 9D, EV 96.9 MPH), Distance : 367 ft
|
Batting: RHB Gaylord Wray
|
0-0: Foul Ball, location: 2F 0-1: Called Strike 0-2: Ball 1-2: Ball 2-2: Ball 3-2: Fly out, F9 (Flyball, 9D, EV 96.2 MPH)
|
Batting: SHB Dave Reynoso
|
0-0: Called Strike 0-1: Ball 1-1: Foul Ball, location: 2F 1-2: Strikes out swinging
|
Batting: RHB Areda Obote
|
0-0: Ball 1-0: Ground out 5-3 (Groundball, 56S, EV 86.2 MPH)
|
Top of the 2nd over - 2 runs, 2 hits, 0 errors, 0 left on base; Los Angeles (NYP) 2 - Salem-Keizer 0 |
BOTTOM OF THE 2ND |
Salem-Keizer Volcanoes batting - Pitching for Los Angeles (NYP) Dodgers : LHP Israel Cerna
|
Batting: RHB Matt Fabre
|
0-0: Ground out 4-3 (Groundball, 4, EV 84.4 MPH)
|
Batting: LHB Chris Raymond
|
0-0: Ball 1-0: Ball 2-0: Ball 3-0: Called Strike 3-1: Base on Balls
|
Batting: RHB Ryan Roberts
|
0-0: Ball 1-0: Called Strike 1-1: SINGLE (Groundball, 6MS, EV 82.5 MPH) (infield hit) Chris Raymond to second
|
Batting: LHB Mike Sammons
|
0-0: Ball 1-0: Fielders Choice at 2nd, 4-6 (Groundball, 4M, EV 104.4 MPH) Chris Raymond to third
|
Batting: RHB Andy Cunningham
|
0-0: Called Strike 0-1: Foul Ball, location: 2F 0-2: Strikes out swinging
|
Bottom of the 2nd over - 0 runs, 1 hit, 0 errors, 2 left on base; Los Angeles (NYP) 2 - Salem-Keizer 0 |
TOP OF THE 3RD |
Los Angeles (NYP) Dodgers batting - Pitching for Salem-Keizer Volcanoes : RHP Allen Vesey
|
Batting: RHB Yok-sing Zhào
|
0-0: Foul Ball, location: 2F 0-1: Ball 1-1: Foul Ball, location: 2F 1-2: Ball 2-2: Strikes out swinging
|
Batting: SHB Erick Hamburger
|
0-0: Swinging Strike 0-1: Swinging Strike 0-2: Strikes out swinging
|
Batting: RHB Chris Graham
|
0-0: Ball 1-0: Ball 2-0: Ground out 5-3 (Groundball, 15, EV 89.4 MPH)
|
Top of the 3rd over - 0 runs, 0 hits, 0 errors, 0 left on base; Los Angeles (NYP) 2 - Salem-Keizer 0 |
BOTTOM OF THE 3RD |
Salem-Keizer Volcanoes batting - Pitching for Los Angeles (NYP) Dodgers : LHP Israel Cerna
|
Batting: SHB Curtis Thompson
|
0-0: Ball 1-0: Called Strike 1-1: Ground out 6-3 (Groundball, 6, EV 90.6 MPH)
|
Batting: LHB Tom Reynolds
|
0-0: Ball 1-0: Ground out 4-3 (Groundball, 4M, EV 105.6 MPH)
|
Batting: RHB Mario Saez
|
0-0: Called Strike 0-1: Ball 1-1: Fly out, F3 (Popup, 3L, EV 59.4 MPH)
|
Bottom of the 3rd over - 0 runs, 0 hits, 0 errors, 0 left on base; Los Angeles (NYP) 2 - Salem-Keizer 0 |
TOP OF THE 4TH |
Los Angeles (NYP) Dodgers batting - Pitching for Salem-Keizer Volcanoes : RHP Allen Vesey
|
Batting: LHB Conor Bailey
|
0-0: DOUBLE (Line Drive, 7LS, EV 92.5 MPH)
|
Batting: LHB Randy Stapleton
|
0-0: Ball 1-0: Called Strike 1-1: Ball 2-1: Foul Ball, location: 2F 2-2: Foul Ball, location: 2F 2-2: Ground out 1-3 (Groundball, 13S, EV 76.9 MPH) Conor Bailey to third
|
Batting: SHB Marcos Cortez
|
0-0: Ball 1-0: Ball 2-0: Called Strike 2-1: Foul Ball, location: 2F 2-2: Strikes out looking
|
Batting: RHB Gaylord Wray
|
0-0: Ball 1-0: Fly out, F8 (Flyball, 78M, EV 85.6 MPH)
|
Top of the 4th over - 0 runs, 1 hit, 0 errors, 1 left on base; Los Angeles (NYP) 2 - Salem-Keizer 0 |
BOTTOM OF THE 4TH |
Salem-Keizer Volcanoes batting - Pitching for Los Angeles (NYP) Dodgers : LHP Israel Cerna
|
Batting: RHB Tony Logan
|
0-0: Swinging Strike 0-1: Called Strike 0-2: Strikes out swinging
|
Batting: RHB Matt Fabre
|
0-0: Called Strike 0-1: Fly out, F6 (Popup, 6D, EV 57.5 MPH)
|
Batting: LHB Chris Raymond
|
0-0: Ground out 6-3 (Groundball, 6, EV 86.2 MPH)
|
Bottom of the 4th over - 0 runs, 0 hits, 0 errors, 0 left on base; Los Angeles (NYP) 2 - Salem-Keizer 0 |
TOP OF THE 5TH |
Los Angeles (NYP) Dodgers batting - Pitching for Salem-Keizer Volcanoes : RHP Allen Vesey
|
Batting: SHB Dave Reynoso
|
0-0: Ball 1-0: Foul Ball, location: 2F 1-1: Hit by Pitch
|
Batting: RHB Areda Obote
|
0-0: Ball 1-0: Ball 2-0: Ball 3-0: Base on Balls Dave Reynoso to second
|
Batting: RHB Yok-sing Zhào
|
0-0: Reached on error, E4 (Groundball, 4M, EV 98.8 MPH) Dave Reynoso to third Areda Obote to second
|
Batting: SHB Erick Hamburger
|
0-0: Ball 1-0: Ball 2-0: Called Strike 2-1: Ball 3-1: Grounds into double play, 4-2-3 (Groundball, 4, EV 92.5 MPH) Areda Obote to third Yok-sing Zhào to second
|
Batting: RHB Chris Graham
|
0-0: Ball 1-0: Called Strike 1-1: Ball 2-1: Fly out, F9 (Flyball, 9, EV 86.9 MPH)
|
Top of the 5th over - 0 runs, 0 hits, 1 error, 2 left on base; Los Angeles (NYP) 2 - Salem-Keizer 0 |
BOTTOM OF THE 5TH |
Salem-Keizer Volcanoes batting - Pitching for Los Angeles (NYP) Dodgers : LHP Israel Cerna
|
Batting: RHB Ryan Roberts
|
0-0: Ball 1-0: Fly out, F8 (Flyball, 8LS, EV 95.6 MPH)
|
Batting: LHB Mike Sammons
|
0-0: Called Strike 0-1: Ball 1-1: Ball 2-1: Ball 3-1: Base on Balls
|
Batting: RHB Andy Cunningham
|
0-0: Called Strike Mike Sammons is caught stealing 2nd base 2-4 0-1: Ball 1-1: Called Strike 1-2: Strikes out swinging, 2-3 out at first.
|
Bottom of the 5th over - 0 runs, 0 hits, 0 errors, 0 left on base; Los Angeles (NYP) 2 - Salem-Keizer 0 |
TOP OF THE 6TH |
Los Angeles (NYP) Dodgers batting - Pitching for Salem-Keizer Volcanoes : RHP Allen Vesey
|
Batting: LHB Conor Bailey
|
0-0: Called Strike 0-1: Swinging Strike 0-2: Ball 1-2: Ball 2-2: Ground out 3-1 (Groundball, 13, EV 88.1 MPH)
|
Pitching: RHP Joaquin Villalobos
|
|
Batting: LHB Randy Stapleton
|
0-0: Called Strike 0-1: Ball 1-1: Ball 2-1: Swinging Strike 2-2: Ball 3-2: Strikes out swinging
|
Batting: SHB Marcos Cortez
|
0-0: Called Strike 0-1: SINGLE (Line Drive, 7S, EV 105.0 MPH)
|
Batting: RHB Gaylord Wray
|
0-0: Called Strike 0-1: Fielders Choice at 2nd, 6-4 (Groundball, 56, EV 85.6 MPH)
|
Top of the 6th over - 0 runs, 1 hit, 0 errors, 1 left on base; Los Angeles (NYP) 2 - Salem-Keizer 0 |
BOTTOM OF THE 6TH |
Salem-Keizer Volcanoes batting - Pitching for Los Angeles (NYP) Dodgers : LHP Israel Cerna
|
Batting: SHB Curtis Thompson
|
0-0: Called Strike 0-1: Ball 1-1: Ground out 6-3 (Groundball, 6, EV 100.6 MPH)
|
Batting: LHB Tom Reynolds
|
0-0: Ball 1-0: Ball 2-0: Called Strike 2-1: Swinging Strike 2-2: Ball 3-2: Base on Balls
|
Batting: RHB Mario Saez
|
0-0: Called Strike 0-1: Foul Ball, location: 2F 0-2: Foul Ball, location: 2F 0-2: Ball 1-2: Foul Ball, location: 2F 1-2: Ball 2-2: Ball 3-2: Fly out, F5 (Popup, 56S, EV 73.8 MPH)
|
Batting: RHB Tony Logan
|
0-0: Called Strike 0-1: Ball 1-1: Ball 2-1: Fly out, F7 (Flyball, 7, EV 85.6 MPH)
|
Bottom of the 6th over - 0 runs, 0 hits, 0 errors, 1 left on base; Los Angeles (NYP) 2 - Salem-Keizer 0 |
TOP OF THE 7TH |
Los Angeles (NYP) Dodgers batting - Pitching for Salem-Keizer Volcanoes : RHP Joaquin Villalobos
|
Batting: SHB Dave Reynoso
|
0-0: Ball 1-0: SINGLE (Groundball, 4MD, EV 103.1 MPH)
|
Batting: RHB Areda Obote
|
0-0: Ball 1-0: Foul Ball, location: 2F 1-1: Swinging Strike 1-2: Ball 2-2: Foul Ball, location: 2F 2-2: Strikes out looking
|
Batting: RHB Yok-sing Zhào
|
0-0: Called Strike 0-1: Called Strike 0-2: Ball 1-2: Fly out, F7 (Flyball, 7LM, EV 85.6 MPH)
|
Batting: SHB Erick Hamburger
|
0-0: Ball 1-0: Ball 2-0: Ball 3-0: Base on Balls Dave Reynoso to second
|
Batting: RHB Chris Graham
|
0-0: Called Strike 0-1: Ball 1-1: Ground out 1-3 (Groundball, 13S, EV 70.6 MPH)
|
Top of the 7th over - 0 runs, 1 hit, 0 errors, 2 left on base; Los Angeles (NYP) 2 - Salem-Keizer 0 |
BOTTOM OF THE 7TH |
Salem-Keizer Volcanoes batting - Pitching for Los Angeles (NYP) Dodgers : LHP Israel Cerna
|
Now at 2B: Areda Obote
|
|
Now at SS: Erick Hamburger
|
|
Now in RF: Carlos Santoni
|
|
Batting: RHB Matt Fabre
|
0-0: Ball 1-0: Ball 2-0: Called Strike 2-1: Ball 3-1: Swinging Strike 3-2: Ground out 6-3 (Groundball, 4MS, EV 78.8 MPH)
|
Batting: LHB Chris Raymond
|
0-0: Ball 1-0: Called Strike 1-1: Ground out 6-3 (Groundball, 6D, EV 106.2 MPH)
|
Batting: RHB Ryan Roberts
|
0-0: Ball 1-0: Ground out 6-3 (Groundball, 6M, EV 78.1 MPH)
|
Bottom of the 7th over - 0 runs, 0 hits, 0 errors, 0 left on base; Los Angeles (NYP) 2 - Salem-Keizer 0 |
TOP OF THE 8TH |
Los Angeles (NYP) Dodgers batting - Pitching for Salem-Keizer Volcanoes : RHP Joaquin Villalobos
|
Batting: LHB Conor Bailey
|
0-0: Called Strike 0-1: Foul Ball, location: 2F 0-2: Strikes out swinging
|
Batting: LHB Randy Stapleton
|
0-0: Called Strike 0-1: Called Strike 0-2: SINGLE (Groundball, 4MS, EV 64.4 MPH) (infield hit)
|
Batting: SHB Marcos Cortez
|
0-0: Ball 1-0: Ball 2-0: Foul Ball, location: 2F 2-1: Foul Ball, location: 2F 2-2: Strikes out swinging
|
Pitching: RHP Loeck Bakker
|
|
Batting: RHB Gaylord Wray
|
0-0: Ball 1-0: Ball 2-0: Foul Ball, location: 2F 2-1: Ball 3-1: Foul Ball, location: 2F 3-2: Foul Ball, location: 2F 3-2: Strikes out swinging
|
Top of the 8th over - 0 runs, 1 hit, 0 errors, 1 left on base; Los Angeles (NYP) 2 - Salem-Keizer 0 |
BOTTOM OF THE 8TH |
Salem-Keizer Volcanoes batting - Pitching for Los Angeles (NYP) Dodgers : LHP Israel Cerna
|
Batting: LHB Mike Sammons
|
0-0: Called Strike 0-1: Called Strike 0-2: Foul Ball, location: 2F 0-2: Foul Ball, location: 2F 0-2: Ball 1-2: Hit by Pitch
|
Batting: RHB Andy Cunningham
|
0-0: Ball 1-0: Fly out, F8 (Flyball, 8LM, EV 93.8 MPH)
|
Batting: SHB Curtis Thompson
|
0-0: Called Strike 0-1: Fly out, F8 (Flyball, 8RD, EV 107.5 MPH)
|
Batting: LHB Tom Reynolds
|
0-0: Called Strike 0-1: Foul Ball, location: 2F 0-2: Ball 1-2: Strikes out swinging
|
Bottom of the 8th over - 0 runs, 0 hits, 0 errors, 1 left on base; Los Angeles (NYP) 2 - Salem-Keizer 0 |
TOP OF THE 9TH |
Los Angeles (NYP) Dodgers batting - Pitching for Salem-Keizer Volcanoes : RHP Loeck Bakker
|
Pitching: RHP Kenjyu Watanabe
|
|
Batting: SHB Dave Reynoso
|
0-0: Ball 1-0: Called Strike 1-1: Swinging Strike 1-2: Foul Ball, location: 2F 1-2: Foul Ball, location: 2F 1-2: Foul Ball, location: 2F 1-2: Strikes out swinging
|
Batting: RHB Areda Obote
|
0-0: Ball 1-0: Ball 2-0: Ball 3-0: Called Strike 3-1: Swinging Strike 3-2: Ground out 6-3 (Groundball, 6S, EV 86.2 MPH)
|
Batting: RHB Yok-sing Zhào
|
0-0: Called Strike 0-1: Ground out U3 (Groundball, 3, EV 85.6 MPH)
|
Top of the 9th over - 0 runs, 0 hits, 0 errors, 0 left on base; Los Angeles (NYP) 2 - Salem-Keizer 0 |
BOTTOM OF THE 9TH |
Salem-Keizer Volcanoes batting - Pitching for Los Angeles (NYP) Dodgers : LHP Israel Cerna
|
Pitching: LHP Randy Dupuis
|
|
Batting: RHB Mario Saez
|
0-0: Called Strike 0-1: Ball 1-1: Ball 2-1: Foul Ball, location: 2F 2-2: Foul Ball, location: 2F 2-2: Foul Ball, location: 2F 2-2: Foul Ball, location: 2F 2-2: Foul Ball, location: 2F 2-2: Foul Ball, location: 2F 2-2: Foul Ball, location: 2F 2-2: Ball 3-2: Fly out, F7 (Flyball, 7S, EV 82.5 MPH)
|
Batting: RHB Tony Logan
|
0-0: Ground out 5-3 (Groundball, 56S, EV 79.4 MPH)
|
Batting: RHB Matt Fabre
|
0-0: Fly out, F9 (Flyball, 9, EV 81.2 MPH)
|
Bottom of the 9th over - 0 runs, 0 hits, 0 errors, 0 left on base; Los Angeles (NYP) 2 - Salem-Keizer 0 |
|